AoeStats
← IamTheCrew

Arabia

509199428Analyzed
1v1 RM · 6d ago on Sep 25, 2026· 63m 43s· 2 players
Game mode
Random Map
Map size
Tiny (2 player)
Population
200
Speed
Normal
Resources
Standard
Victory
Conquest
Starting age
Dark Age
Ending age
Imperial Age
RankedLock teamsTeams togetherTeam positionsShared explorationLock speedFull tech treeHidden civsTurbo modeCheats
Victory
Defeat
🇲🇽 Aztecs · Mexico
605
+18
🇦🇷 Khmer · Argentina
642
-18
IamTheCrew
10:00 Feudal Age
8:16 Loom
13:17 Horse Collar
14:11 Town Watch
17:04 Castle Age
22:24 Wheelbarrow
21:53 Scale Mail Armor
22:04 Forging
27:47 Double-Bit Axe
31:38 Imperial Age
29:08 Pikeman
32:05 Squires
32:28 Hand Cart
34:28 Chain Mail Armor
34:49 Iron Casting
39:38 Plate Mail Armor
40:18 Capped Ram
42:29 Blast Furnace
40:57 Crossbowman
42:19 Atlatl
44:45 Siege Ram
47:13 Garland Wars
50:52 Elite Jaguar Warrior
hormaeche96
10:05 Feudal Age
12:28 Double-Bit Axe
13:48 Horse Collar
16:35 Man-at-Arms
17:22 Loom
19:28 Scale Mail Armor
22:04 Castle Age
24:45 Gold Mining
24:46 Stone Mining
28:19 Wheelbarrow
29:39 Tusk Swords
33:08 Ballistics
38:25 Imperial Age
37:41 Hand Cart
39:20 Bow Saw
39:38 Elite Ballista Elephant
40:28 Double Crossbow
40:25 Cavalier
41:12 Husbandry
42:48 Scale Barding Armor
50:03 Chain Barding Armor
52:11 Plate Barding Armor
58:51 Chemistry
Connection lost

Rejoining the realm…

Still unreachable

The connection could not be restored.

Session expired

The server has moved on; the page needs a fresh start.